 Dungeon Crawl Stone Soup version 0.21-a0-578-gc6e9d75 (webtiles) character file.

3105 tidbits the Magician (level 9, -1/66 HPs)
             Began as a Gnoll Earth Elementalist on Dec 18, 2017.
             Was a Follower of Cheibriados.
             Slain by a killer bee (2 damage)
             ... on level 8 of the Dungeon.
             The game lasted 00:26:13 (2587 turns).

tidbits the Magician (Gnoll Earth Elementalist)     Turns: 2587, Time: 00:26:14

Health: -1/66      AC:  9    Str: 15 (17) XL:     9   Next: 90%
Magic:  2/19       EV: 16    Int: 22 (25) God:    Cheibriados [*.....]
Gold:   287        SH:  0    Dex: 15 (18) Spells: 4/21 levels left

rFire    . . .     SeeInvis .   a - +2 hand axe (elec)
rCold    . . .     Gourm    .   (no shield)
rNeg     . . .     Faith    .   c - +0 robe
rPois    .         Spirit   .   (helmet restricted)
rElec    .         Reflect  .   C - +0 cloak (curse)
rCorr    .         Harm     .   G - +0 pair of gloves
MR       .....                  F - +0 pair of boots
Stlth    +++.......             (no amulet)
HPRegen  0.21/turn              E - +2 ring of intelligence
MPRegen  0.16/turn              i - ring of wizardry

@: mighty, lethally poisoned (-1 -> -11), very slow
A: distributed training, fangs 1, horns 1, molten scales 1, shaggy fur 1, strong
nose
a: Bend Time, Renounce Religion


You were on level 8 of the Dungeon.
You worshipped Cheibriados.
Cheibriados was aware of your devotion.
You were not hungry.

You visited 2 branches of the dungeon, and saw 9 of its levels.

You collected 287 gold pieces.

Inventory:

Hand Weapons
 a - a +2 hand axe of electrocution (weapon)
   (You took it off an orc on level 3 of the Dungeon)
 b - the +3 quarterstaff "Xuvoun" {freeze, rC+}
   (You found it on level 5 of the Dungeon)

   It has been specially enchanted to freeze those struck by it, causing extra
   injury to most foes and up to half again as much damage against particularly
   susceptible opponents.
   It can also slow down cold-blooded creatures.
   It protects you from cold.
 d - a +0 dagger
 k - a +1 dire flail of venom
   (You took it off an orc warrior on level 6 of the Dungeon)
 o - a +0 whip
 p - a +0 blowgun
 u - a +0 flail
 D - a +0 hand axe
 K - a +3 shortbow
Missiles
 f - 7 tomahawks (quivered)
 q - 17 poisoned needles
 s - 70 arrows
 J - 82 stones
Armour
 c - a +0 robe (worn)
 m - a +0 ring mail
 C - a cursed +0 cloak (worn)
 F - a +0 pair of boots (worn)
 G - a +0 pair of gloves (worn)
Jewellery
 i - a ring of wizardry (right hand)
   (You found it on level 3 of the Dungeon)
 v - a +4 ring of dexterity
   (You found it on level 4 of the Dungeon)
 E - a +2 ring of intelligence (left hand)
   (You found it on level 4 of the Dungeon)
 O - an uncursed ring of positive energy
   (You found it on level 6 of the Dungeon)
Wands
 H - a wand of flame (27)
Scrolls
 g - 4 scrolls of remove curse {unknown}
 h - 2 scrolls of fear {unknown}
 j - 6 scrolls of teleportation {unknown}
 l - 11 scrolls of identify {unknown}
 n - 2 scrolls of blinking {unknown}
 r - 2 scrolls of fog {unknown}
 y - a scroll of enchant weapon {unknown}
 B - a scroll of amnesia {unknown}
 M - a scroll of noise {unknown}
 Q - a scroll of enchant armour {unknown}
Potions
 w - a potion of agility
 x - a potion of berserk rage
 A - a potion of mutation {!q}
 L - a potion of heal wounds {unknown}
 N - a potion of brilliance
Books
 e - a book of Geomancy

   Spells                             Type                      Level
   a - Sandblast                      Earth                        1
   b - Passwall                       Transmutation/Earth          2
   c - Stone Arrow                    Conjuration/Earth            3
   d - Petrify                        Transmutation/Earth          4
   e - Lee's Rapid Deconstruction     Earth                        5
 P - a book of Cantrips
   (You found it on level 6 of the Dungeon)

   Spells                             Type                      Level
   a - Confusing Touch                Hexes                        1
   b - Animate Skeleton               Necromancy                   1
   c - Summon Small Mammal            Summoning                    1
   d - Apportation                    Translocation                1
Comestibles
 t - 13 rations


   Skills:
 + Level 4.6 Fighting
 + Level 4.6 Short Blades
 + Level 4.6 Long Blades
 + Level 4.6 Axes
 + Level 4.6 Maces & Flails
 + Level 4.6 Polearms
 + Level 4.6 Staves
 + Level 4.6 Slings
 + Level 4.6 Bows
 + Level 4.6 Crossbows
 + Level 4.6 Throwing
 + Level 4.6 Armour
 + Level 6.5 Dodging
 + Level 6.3 Stealth
 + Level 4.6 Shields
 + Level 4.6 Unarmed Combat
 + Level 6.9 Spellcasting
 + Level 3.8 Conjurations
 + Level 3.8 Hexes
 + Level 3.8 Charms
 + Level 3.8 Summonings
 + Level 3.8 Necromancy
 + Level 3.8 Translocations
 + Level 4.4 Transmutations
 + Level 3.8 Fire Magic
 + Level 3.8 Ice Magic
 + Level 3.8 Air Magic
 + Level 6.7 Earth Magic
 + Level 3.8 Poison Magic
 + Level 5.0 Invocations
 + Level 4.6 Evocations


You had 4 spell levels left.
You knew the following spells:

 Your Spells              Type           Power        Failure   Level  Hunger
a - Sandblast             Erth           #####.       1%          1    None
b - Apportation           Tloc           ###...       1%          1    None
n - Animate Skeleton      Necr           N/A          1%          1    None
p - Petrify               Tmut/Erth      ####....     3%          4    ###....
t - Stone Arrow           Conj/Erth      ####..       1%          3    None
w - Passwall              Tmut/Erth      ####......   1%          2    None
D - Lee's Rapid Deconstr  Erth           #####.....   6%          5    #####..


Dungeon Overview and Level Annotations

Branches:
Dungeon (8/15)             Temple (1/1) D:7
   Lair: D:8-11

Altars:
Ashenzari
Cheibriados
Gozag
Makhleb
Qazlal
Ru
Uskayaw
Vehumet
Xom
Zin
The Shining One


Innate Abilities, Weirdness & Mutations

Your experience applies equally to all skills.
You have very sharp teeth.
Your uncanny sense of smell can sniff out nearby items.
You have a pair of small horns on your head.
You are partially covered in molten scales. (AC +2)
You are covered in fur. (AC +1)


Message History

Press: ? - help, Shift-Dir - straight line, f - worker ant
Aim: a worker ant (almost dead)
The blast of sand hits the worker ant.
You kill the worker ant!
Cheibriados appreciates the change of pace.
J - 58 stones You feel sick.
You feel sick.
An adder comes into view.
You see here a crocodile corpse.
You feel sick.
Okay, then.
A wight comes into view. It is wielding an enchanted mace.
You feel sick.
Things that are here:
a short sword of protection; a plate armour; an orc corpse You butcher the orc corpse.
Things that are here:
a short sword of protection; a plate armour; 4 chunks of flesh Eat one of 4 chunks of flesh? (ye/n/q)
You eat one of the 4 chunks of flesh.
This raw flesh tastes terrible.
You feel sick.
You feel sick.
You feel sick.
You feel sick.
Found 25 stones.
You feel sick.
You feel sick.
You feel sick.
J - 83 stones (gained 25)
You feel sick.
You feel sick.
You feel sick.
You feel sick.
A killer bee comes into view.
You closely miss the killer bee.
The killer bee buzzes angrily.
You hear an angry buzzing noise. x3
The killer bee stings you.
The killer bee stings you but does no damage.
Casting: Sandblast
Confirm with . or Enter, or press ? or * to list all spells.
Aiming: Sandblast
Press: ? - help, Shift-Dir - straight line, f - killer bee
Aim: a killer bee The blast of sand hits the killer bee.
The killer bee is lightly wounded.
J - 82 stones The killer bee misses you.
The killer bee barely misses you.
A killer bee comes into view.
Casting: Sandblast
Confirm with . or Enter, or press ? or * to list all spells.
Aiming: Lee's Rapid Deconstruction
Press: ? - help, Dir - move target cursor, p - killer bee That beam is likely to hit you.
Continue anyway?
The wall shatters!
The blast of rock fragments hits the killer bee.
The killer bee is almost dead.
The blast of rock fragments hits the killer bee.
The killer bee is almost dead.
The blast of rock fragments hits you!
* * * LOW HITPOINT WARNING * * *
You hear an angry buzzing noise. x2
The killer bee stings you.
* * * LOW HITPOINT WARNING * * *
The killer bee barely misses you.
A killer bee comes into view.
Unknown command.
Casting: Lee's Rapid Deconstruction
Confirm with . or Enter, or press ? or * to list all spells.
You don't have enough magic to cast that spell.
Unknown command.
Okay, then.
It was a potion of degeneration.
There was something very wrong with that liquid.
You feel weakened.
You feel dopey.
You feel clumsy.
You feel sick. The killer bee stings you.
* * * LOW HITPOINT WARNING * * *
You are more poisoned.
The killer bee poisons you! The killer bee barely misses you.
A killer bee comes into view.
It was a potion of might.
You feel very mighty all of a sudden.
The killer bee moves out of view.
The killer bee stings you.
* * * LOW HITPOINT WARNING * * *
The killer bee stings you.
* * * LOW HITPOINT WARNING * * *
You are lethally poisoned!
The killer bee poisons you!
Okay, then.
You slash the killer bee!
You kill the killer bee!
Cheibriados thoroughly appreciates the change of pace.
* * * LOW HITPOINT WARNING * * *
You feel sick. The killer bee misses you.
You miss the killer bee.
* * * LOW HITPOINT WARNING * * *
You feel sick. The killer bee stings you!
* * * LOW HITPOINT WARNING * * *
The killer bee stings you.
You die...

### #.# ###
####.# # ..#
#....##.# #.# #
#.##.@yy# ##.##.
####.#####.#
.... ###....# ..
##.##.#....###
.#
..<##.#.#..###.#
#
†..#....#......#
...## #...#.####
)).####.#...#
z.......#.###


You could see 2 killer bees.

Vanquished Creatures
  Prince Ribbit (D:5)
  Menkaure (D:5)
  3 orc warriors
  2 black bears (D:7)
  A phantom (D:5)
  A sky beast (D:6)
  A necrophage (D:6)
  2 ogres
  A centaur (D:6)
  A crocodile (D:8)
  A big kobold (D:7)
  Blork the orc (D:5)
  A bullfrog (D:6)
  The ghost of p0werm0de the Digger, an amateur VSEE (D:4)
  2 scorpions
  5 killer bees
  2 wights (D:3)
  A howler monkey (D:5)
  A crimson imp (D:6)
  A jelly (D:7)
  2 centaur skeletons (D:5)
  A bullfrog zombie (D:8)
  3 orc priests
  2 hounds
  8 orc wizards
  3 bullfrog skeletons
  An iguana (D:7)
  7 worker ants
  2 hound skeletons (D:8)
  6 gnolls (D:7)
  8 adders
  An ooze (D:5)
  An adder zombie (D:6)
  A dart slug (D:1)
  2 leopard geckos
  24 orcs
  5 giant cockroaches
  2 goblins
  9 hobgoblins
  3 jackals (D:6)
  A quokka (D:3)
  2 ball pythons (D:3)
  5 bats
  3 frilled lizards
  9 kobolds
  3 rats
144 creatures vanquished.

Notes
Turn   | Place    | Note
-------+----------+-------------------------------------------
     0 | D:1      | tidbits the Gnoll Earth Elementalist began the quest for the Orb.
     0 | D:1      | Reached XP level 1. HP: 13/13 MP: 6/6
    77 | D:1      | Reached skill level 2 in Transmutations
   132 | D:1      | Reached XP level 2. HP: 19/19 MP: 5/7
   136 | D:1      | Learned a level 2 spell: Passwall
   292 | D:2      | Reached XP level 3. HP: 25/25 MP: 5/9
   356 | D:2      | Reached skill level 5 in Spellcasting
   582 | D:5      | Entered Level 5 of the Dungeon
   604 | D:4      | Noticed p0werm0de's ghost (amateur VSEE)
   610 | D:4      | Reached skill level 1 in Invocations
   615 | D:4      | Killed p0werm0de's ghost
   615 | D:4      | Reached skill level 1 in Fighting
   615 | D:4      | Reached skill level 1 in Short Blades
   615 | D:4      | Reached skill level 1 in Long Blades
   615 | D:4      | Reached skill level 1 in Axes
   615 | D:4      | Reached skill level 1 in Maces & Flails
   615 | D:4      | Reached skill level 1 in Polearms
   615 | D:4      | Reached skill level 1 in Staves
   615 | D:4      | Reached skill level 1 in Slings
   615 | D:4      | Reached skill level 1 in Bows
   615 | D:4      | Reached skill level 1 in Crossbows
   615 | D:4      | Reached skill level 1 in Throwing
   615 | D:4      | Reached skill level 1 in Armour
   615 | D:4      | Reached skill level 1 in Shields
   615 | D:4      | Reached skill level 1 in Unarmed Combat
   615 | D:4      | Reached skill level 1 in Conjurations
   615 | D:4      | Reached skill level 1 in Hexes
   615 | D:4      | Reached skill level 1 in Charms
   615 | D:4      | Reached skill level 1 in Summonings
   615 | D:4      | Reached skill level 1 in Necromancy
   615 | D:4      | Reached skill level 1 in Translocations
   615 | D:4      | Reached skill level 1 in Fire Magic
   615 | D:4      | Reached skill level 1 in Ice Magic
   615 | D:4      | Reached skill level 1 in Air Magic
   615 | D:4      | Reached skill level 1 in Poison Magic
   615 | D:4      | Reached skill level 1 in Evocations
   615 | D:4      | Reached XP level 4. HP: 15/32 MP: 3/11
   621 | D:4      | Reached XP level 5. HP: 17/37 MP: 2/12
   675 | D:4      | Noticed an ogre
   679 | D:4      | Killed an ogre
   679 | D:4      | Reached skill level 2 in Invocations
   679 | D:4      | Reached XP level 6. HP: 25/44 MP: 7/13
   716 | D:4      | Found a sacrificial altar of Ru.
   806 | D:3      | Reached skill level 5 in Dodging
   850 | D:3      | Reached skill level 2 in Fighting
   850 | D:3      | Reached skill level 2 in Short Blades
   850 | D:3      | Reached skill level 2 in Long Blades
   850 | D:3      | Reached skill level 2 in Axes
   850 | D:3      | Reached skill level 2 in Maces & Flails
   850 | D:3      | Reached skill level 2 in Polearms
   850 | D:3      | Reached skill level 2 in Staves
   850 | D:3      | Reached skill level 2 in Slings
   850 | D:3      | Reached skill level 2 in Bows
   850 | D:3      | Reached skill level 2 in Crossbows
   850 | D:3      | Reached skill level 2 in Throwing
   850 | D:3      | Reached skill level 2 in Armour
   850 | D:3      | Reached skill level 2 in Shields
   850 | D:3      | Reached skill level 2 in Unarmed Combat
   850 | D:3      | Reached skill level 2 in Evocations
  1035 | D:3      | Learned a level 3 spell: Stone Arrow
  1040 | D:3      | Learned a level 4 spell: Petrify
  1046 | D:3      | Learned a level 5 spell: Lee's Rapid Deconstruction
  1133 | D:3      | Reached XP level 7. HP: 47/50 MP: 1/15
  1260 | D:5      | Reached skill level 2 in Conjurations
  1260 | D:5      | Reached skill level 2 in Hexes
  1260 | D:5      | Reached skill level 2 in Charms
  1260 | D:5      | Reached skill level 2 in Summonings
  1260 | D:5      | Reached skill level 2 in Necromancy
  1260 | D:5      | Reached skill level 2 in Translocations
  1260 | D:5      | Reached skill level 2 in Fire Magic
  1260 | D:5      | Reached skill level 2 in Ice Magic
  1260 | D:5      | Reached skill level 2 in Air Magic
  1260 | D:5      | Reached skill level 2 in Poison Magic
  1284 | D:5      | Reached skill level 3 in Transmutations
  1344 | D:5      | Got a transparent quarterstaff
  1345 | D:5      | Identified the +3 quarterstaff "Xuvoun" {freeze, rC+} (You found it on level 5 of the Dungeon)
  1380 | D:5      | Noticed Blork the orc
  1386 | D:5      | Killed Blork the orc
  1386 | D:5      | Reached skill level 5 in Stealth
  1419 | D:4      | Found a glowing silver altar of Zin.
  1456 | D:6      | Reached skill level 3 in Invocations
  1481 | D:7      | Reached skill level 6 in Earth Magic
  1481 | D:7      | Reached XP level 8. HP: 51/57 MP: 13/16
  1484 | D:6      | Gained mutation: You are covered in fur. (AC +1) [potion of mutation]
  1484 | D:6      | Gained mutation: You are partially covered in molten scales. (AC +2) [potion of mutation]
  1484 | D:6      | Gained mutation: You have a pair of small horns on your head. [potion of mutation]
  1495 | D:6      | Reached skill level 3 in Fighting
  1495 | D:6      | Reached skill level 3 in Short Blades
  1495 | D:6      | Reached skill level 3 in Long Blades
  1495 | D:6      | Reached skill level 3 in Axes
  1495 | D:6      | Reached skill level 3 in Maces & Flails
  1495 | D:6      | Reached skill level 3 in Polearms
  1495 | D:6      | Reached skill level 3 in Staves
  1495 | D:6      | Reached skill level 3 in Slings
  1495 | D:6      | Reached skill level 3 in Bows
  1495 | D:6      | Reached skill level 3 in Crossbows
  1495 | D:6      | Reached skill level 3 in Throwing
  1495 | D:6      | Reached skill level 3 in Armour
  1495 | D:6      | Reached skill level 3 in Shields
  1495 | D:6      | Reached skill level 3 in Unarmed Combat
  1495 | D:6      | Reached skill level 3 in Evocations
  1553 | D:5      | Noticed Menkaure
  1644 | D:5      | Noticed Prince Ribbit
  1645 | D:5      | Killed Menkaure
  1645 | D:5      | Reached skill level 6 in Spellcasting
  1652 | D:5      | Killed Prince Ribbit
  1849 | D:6      | Reached skill level 4 in Invocations
  1881 | D:6      | Reached skill level 3 in Conjurations
  1881 | D:6      | Reached skill level 3 in Hexes
  1881 | D:6      | Reached skill level 3 in Charms
  1881 | D:6      | Reached skill level 3 in Summonings
  1881 | D:6      | Reached skill level 3 in Necromancy
  1881 | D:6      | Reached skill level 3 in Translocations
  1881 | D:6      | Reached skill level 3 in Fire Magic
  1881 | D:6      | Reached skill level 3 in Ice Magic
  1881 | D:6      | Reached skill level 3 in Air Magic
  1881 | D:6      | Reached skill level 3 in Poison Magic
  1906 | D:6      | Reached XP level 9. HP: 28/65 MP: 18/18
  1967 | D:6      | Reached skill level 6 in Dodging
  2034 | D:6      | Learned a level 1 spell: Apportation
  2036 | D:6      | Learned a level 1 spell: Animate Skeleton
  2081 | D:7      | Found a hide-covered altar of Uskayaw.
  2086 | D:7      | Reached skill level 4 in Fighting
  2086 | D:7      | Reached skill level 4 in Short Blades
  2086 | D:7      | Reached skill level 4 in Long Blades
  2086 | D:7      | Reached skill level 4 in Axes
  2086 | D:7      | Reached skill level 4 in Maces & Flails
  2086 | D:7      | Reached skill level 4 in Polearms
  2086 | D:7      | Reached skill level 4 in Staves
  2086 | D:7      | Reached skill level 4 in Slings
  2086 | D:7      | Reached skill level 4 in Bows
  2086 | D:7      | Reached skill level 4 in Crossbows
  2086 | D:7      | Reached skill level 4 in Throwing
  2086 | D:7      | Reached skill level 4 in Armour
  2086 | D:7      | Reached skill level 4 in Shields
  2086 | D:7      | Reached skill level 4 in Unarmed Combat
  2086 | D:7      | Reached skill level 4 in Transmutations
  2086 | D:7      | Reached skill level 4 in Evocations
  2119 | D:6      | HP: 1/65 [orc warrior/scimitar (8)]
  2297 | D:7      | Reached skill level 6 in Stealth
  2348 | D:7      | Found a staircase to the Ecumenical Temple.
  2357 | Temple   | Entered the Ecumenical Temple
  2371 | Temple   | Became a worshipper of Cheibriados the Contemplative
  2544 | D:8      | Reached * piety under Cheibriados
  2546 | D:8      | Reached skill level 5 in Invocations
  2587 | D:8      | HP: 1/66 [killer bee (8)]
  2587 | D:8      | Slain by a killer bee

Vault maps used:
D:1:      elethiomel_arrival_shortcut, chequers_big_river, kennysheep_doodads
D:2:      first_ration, minmay_rat_hole
D:3:      kennysheep_goblin_castle, amethyst_overflow_temple_binary
D:4:      old_standard_altar, lemuel_round_altar, lemuel_doored_altar
D:5:      uniq_blork_the_orc, uniq_prince_ribbit1, uniq_sigmund, uniq_ijyb,
          uniq_menkaure
D:6:      serial_park_tiny_2, hangedman_decor_push
D:7:      lemuel_crystal_altar, minmay_temple_entry_butterflies
D:8:      led_sif_book, gammafunk_temple_overflow_forgotten,
          hangedman_pestilent_swarm
Temple:   chequers_temple_sunken

Skill      XL: |  1  2  3  4  5  6  7  8  9 |
---------------+----------------------------+-----
Transmutations | 2 3 4 |  4.4
Spellcasting   | 5 6 |  6.9
Invocations    | 1 2 3 4 5 |  5.0
Fighting       | 1 2 3 4 |  4.6
Short Blades   | 1 2 3 4 |  4.6
Long Blades    | 1 2 3 4 |  4.6
Axes           | 1 2 3 4 |  4.6
Maces & Flails | 1 2 3 4 |  4.6
Polearms       | 1 2 3 4 |  4.6
Staves         | 1 2 3 4 |  4.6
Slings         | 1 2 3 4 |  4.6
Bows           | 1 2 3 4 |  4.6
Crossbows      | 1 2 3 4 |  4.6
Throwing       | 1 2 3 4 |  4.6
Armour         | 1 2 3 4 |  4.6
Shields        | 1 2 3 4 |  4.6
Unarmed Combat | 1 2 3 4 |  4.6
Conjurations   | 1 2 3 |  3.8
Hexes          | 1 2 3 |  3.8
Charms         | 1 2 3 |  3.8
Summonings     | 1 2 3 |  3.8
Necromancy     | 1 2 3 |  3.8
Translocations | 1 2 3 |  3.8
Fire Magic     | 1 2 3 |  3.8
Ice Magic      | 1 2 3 |  3.8
Air Magic      | 1 2 3 |  3.8
Poison Magic   | 1 2 3 |  3.8
Evocations     | 1 2 3 4 |  4.6
Dodging        | 5 6 |  6.5
Stealth        | 5 6 |  6.3
Earth Magic    | 6 |  6.7

Action                   |  1- 3 |  4- 6 |  7- 9 || total
-------------------------+-------+-------+-------++-------
Melee: Hand axe          |       |     2 |   135 ||   137
       Dagger            |       |    34 |     9 ||    43
       Flail             |       |    31 |       ||    31
       Bite              |       |     6 |    19 ||    25
       Headbutt          |       |       |    15 ||    15
       Punch             |       |       |     3 ||     3
 Fire: Blowgun           |       |     4 |       ||     4
Throw: Tomahawk          |       |       |     8 ||     8
 Cast: Sandblast         |    29 |    24 |    42 ||    95
       Passwall          |     3 |     4 |    30 ||    37
       Stone Arrow       |       |     2 |     6 ||     8
       Lee's Rapid Decon |       |     1 |    10 ||    11
       Petrify           |       |       |     4 ||     4
       Apportation       |       |       |     3 ||     3
  Use: Potion            |     3 |     1 |     6 ||    10
 Stab: Sleeping          |       |     3 |     6 ||     9
       Petrified         |       |       |     5 ||     5
  Eat: Chunk             |       |     1 |     8 ||     9
Armor: Robe              |       |    15 |    50 ||    65
Dodge: Dodged            |     6 |    71 |   163 ||   240

Table legend:
 A = Spawn XP
 B = Non-spawn XP
 C = Spawn XP percentage of total XP
 D = Spawn monster count
 E = Non-spawn monster count
 F = Spawn count percentage of total count
 G = Total turns spent on level
                    A         B        C        D         E        F      G
               +---------+---------+-------+---------+---------+-------+---------
         Total |       0 |    4436 |   0.0 |       0 |     143 |   0.0 |  2587
               +---------+---------+-------+---------+---------+-------+---------
           D:1 |       0 |      21 |   0.0 |       0 |      12 |   0.0 |   296
           D:2 |       0 |      20 |   0.0 |       0 |       5 |   0.0 |   264
           D:3 |       0 |     235 |   0.0 |       0 |      26 |   0.0 |   426
           D:4 |       0 |     394 |   0.0 |       0 |      10 |   0.0 |   259
           D:5 |       0 |    1025 |   0.0 |       0 |      20 |   0.0 |   431
           D:6 |       0 |     980 |   0.0 |       0 |      26 |   0.0 |   581
           D:7 |       0 |    1129 |   0.0 |       0 |      31 |   0.0 |   242
           D:8 |       0 |     632 |   0.0 |       0 |      13 |   0.0 |    59
               +---------+---------+-------+---------+---------+-------+---------

Table legend:
 A = Turns spent in this place as a percentage of turns spent in the entire game.
 B = Non-inter-level travel turns spent in this place as a percentage of non-inter-level travel turns spent in the entire game.
 C = Inter-level travel turns spent in this place as a percentage of turns spent in this place.
 D = Turns resting spent in this place as a percentage of non-inter-level travel turns spent in this place.
 E = Turns spent auto-exploring this place as a percentage of non-inter-level travel turns spent in this place.
 F = Non-inter-level travel turns spent in this place divided by the number of levels of this place that you've seen.
                   A       B       C       D       E      F
               +-------+-------+-------+-------+-------+----------------------
         Total | 100.0 | 100.0 |   0.0 |   0.0 |   0.0 | 287.4
       Dungeon |  98.9 |  98.9 |   0.0 |   0.0 |   0.0 | 319.8
        Temple |   1.1 |   1.1 |   0.0 |   0.0 |   0.0 |  29.0
               +-------+-------+-------+-------+-------+----------------------

Table legend:
 A = Kills in this place as a percentage of kills in entire the game.
 B = Kills by you in this place as a percentage of kills by you in the entire game.
 C = Kills by friends in this place as a percentage of kills by friends in the entire game.
 D = Other kills in this place as a percentage of other kills in the entire game.
 E = Experience gained in this place as a percentage of experience gained in the entire game.
 F = Experience gained in this place divided by the number of levels of this place that you have seen.
                   A       B       C       D       E      F
               +-------+-------+-------+-------+-------+----------------------
         Total | 100.0 | 100.0 |   N/A |   N/A | 100.0 | 492.9
       Dungeon | 100.0 | 100.0 |   N/A |   N/A | 100.0 | 554.5
               +-------+-------+-------+-------+-------+----------------------

Vault maps used:
D:1:      elethiomel_arrival_shortcut, chequers_big_river, kennysheep_doodads
D:2:      first_ration, minmay_rat_hole
D:3:      kennysheep_goblin_castle, amethyst_overflow_temple_binary
D:4:      old_standard_altar, lemuel_round_altar, lemuel_doored_altar
D:5:      uniq_blork_the_orc, uniq_prince_ribbit1, uniq_sigmund, uniq_ijyb,
          uniq_menkaure
D:6:      serial_park_tiny_2, hangedman_decor_push
D:7:      lemuel_crystal_altar, minmay_temple_entry_butterflies
D:8:      led_sif_book, gammafunk_temple_overflow_forgotten,
          hangedman_pestilent_swarm
Temple:   chequers_temple_sunken
